 Dungeon Crawl Stone Soup version 0.27-a0-448-gace5c5693b (webtiles) character file.

Game seed: 4502345280442163871

0 jasper the Sneak (level 1, 0/9 HPs)
             Began as a Spriggan Enchanter on Feb 27, 2021.
             Slain by a kobold
             ... wielding a +0 club
              (3 damage)
             ... on level 1 of the Dungeon.
             The game lasted 00:00:32 (102 turns).

jasper the Sneak (Spriggan Enchanter)                Turns: 102, Time: 00:00:33

Health: 0/9        AC:  2    Str:  4    XL:     1   Next: 8%
Magic:  5/5        EV: 17    Int: 16    God:
Gold:   0          SH:  0    Dex: 15    Spells: 4/5 levels left

rFire    . . .     SeeInvis +   a - +1 dagger
rCold    . . .     Faith    .   (shield restricted)
rNeg     . . .     Spirit   .   b - +0 robe
rPois    .         Reflect  .   (helmet restricted)
rElec    .         Harm     .   (no cloak)
rCorr    .         Rampage  .   (gloves unavailable)
Will     .....                  (boots unavailable)
Stlth    +++.......             (no amulet)
HPRegen  0.03/turn              (no ring)
MPRegen  0.09/turn              (no ring)

@: very quick
A: very small, unfitting armour, see invisible, speed 3
a: no special abilities


You were on level 1 of the Dungeon.
You visited 1 branch of the dungeon, and saw 1 of its levels.

Inventory:

Hand Weapons
 a - a +1 dagger (weapon)
Armour
 b - a +0 robe (worn)
Scrolls
 c - a scroll of teleportation {unknown}
 e - a scroll of immolation {unknown}
Potions
 d - a potion of curing {unknown}


   Skills:
 + Level 1.1 Short Blades
 - Level 2.6 Dodging
 + Level 4.4 Stealth
 * Level 2.7 Spellcasting
 + Level 3.6 Hexes


You had 4 spell levels left.
You knew the following spells:

 Your Spells              Type           Power        Failure   Level
a - Corona                Hex            14%          4%          1

Your spell library contained the following spells:

 Spells                   Type           Power        Failure   Level
 Confusing Touch          Hex            13%          13%         3
 Tukima's Dance           Hex            13%          13%         3
 Ensorcelled Hibernation  Hex/Ice        16%          14%         2
 Dazzling Flash           Conj/Hex       16%          26%         3


Dungeon Overview and Level Annotations

Branches:
Dungeon (1/15)

Altars:


Innate Abilities, Weirdness & Mutations

You are very small and have problems with some larger weapons.
You are too small for most types of armour.
You have supernaturally acute eyesight. (SInv)
You cover ground extremely quickly.


Message History

A goblin and a hobgoblin come into view.
Found 24 stones.
You start resting.
A rat is nearby!
Aiming: Corona (safe; 4% risk of failure)
Press: ? - help, Q - select action Shift-Dir - straight line, f - rat
Aim: a rat (chance to affect: 67%)
The rat is outlined in light.
You now have 4/5 mp.
You hit the rat.
You kill the rat!
The kobold hits you.
You take 2 damage, and have 5/9 hp.
MASSIVE DAMAGE!!
Aiming: Corona (safe; 4% risk of failure)
Press: ? - help, Q - select action Shift-Dir - straight line, f - kobold
Aim: a kobold (chance to affect: 67%)
The kobold barely resists.
The kobold hits you.
* * * LOW HITPOINT WARNING * * *
You take 3 damage, and have 2/9 hp.
MASSIVE DAMAGE!!
You now have 3/5 mp.
You are too injured to fight recklessly!
You see here 24 stones.
A rat comes into view.
The hobgoblin shouts!
You hear a shout!
You hear an angry hiss. x3
A ball python comes into view.
Found 10 gold pieces.
You see here a scroll labelled FOZIRCHEKEY.
MP restored: 5 A goblin and a hobgoblin come into view.
The goblin shouts!
Found a leather armour.
Found a dagger.
The hobgoblin shouts!
Found a fizzy brown potion and 10 gold pieces.
A kobold comes into view. It is wielding a +0 club.
Found a stone staircase leading down.
The kobold shouts!
You hear a shout!
There is a stone staircase leading down here.
The kobold hits you with a +0 club.
You die...

........ ........ .....
....#.# .... ......# #
...# ....#.# #. ...#
.....## ..#..## ...#
......# .. #...##...#
......##.#####..K.$.#
.g....#####.## #@...#
#+#..........###..!##
#.##.....###.##....#
≈.♣#......##.##.#.....#
≈<.'.....S.....[##.##.#
≈.♣#.....##..g..........
#.##...#.....#####.### .
#+#.......##g#####.#
..............)..#


You could see a goblin and a kobold.

Vanquished Creatures
  A rat (D:1)
1 creature vanquished.

Notes
Turn   | Place    | Note
-------+----------+-------------------------------------------
     0 | D:1      | jasper the Spriggan Enchanter began the quest for the Orb.
     0 | D:1      | Reached XP level 1. HP: 9/9 MP: 5/5
   102 | D:1      | Slain by a kobold

Illustrated notes

Levels and vault maps discovered:
D:1:      tarquinn_simple_flora_water_e, layout_rooms, serial_aquarium,
          aquarium_bridge_straight [aquarium_subvault_bridge,
          aquarium_subvault_balcony, aquarium_subvault_bridge,
          aquarium_subvault_wall], aquarium_window_1, aquarium_window_2,
          aquarium_window_fake, aquarium_window_1, aquarium_view_2e,
          aquarium_view_2e, aquarium_balcony_double_4

Action                   || total
-------------------------++-------
Melee: Dagger            ||     7
 Cast: Corona            ||     2
Dodge: Dodged            ||     8

Table legend: (Time is in decaauts)
 A = Elapsed time spent in this place.
 B = Non-inter-level travel time spent in this place.
 C = Inter-level travel time spent in this place.
 D = Time resting spent in this place.
 E = Time spent auto-exploring this place.
 F = Levels seen in this place.
 G = Mean time per level.
                   A        B        C        D        E       F      G
               +--------+--------+--------+--------+--------+-----+--------+
         Total |     67 |     67 |      0 |      4 |      8 |   1 |   67.0 |
       Dungeon |     67 |     67 |      0 |      4 |      8 |   1 |   67.0 |
               +--------+--------+--------+--------+--------+-----+--------+

Top non-repeatable levels by time:
     D:1: 67 daAuts
